 Dungeon Crawl Stone Soup version 0.31-a0-358-gac0dbeb3ab (webtiles) character file.

Game seed: 12979034457012963465

3527 bobarctor the Thaumaturge (level 9, -10/57 HPs)
             Began as a Demonspawn Necromancer on July 25, 2023.
             Was an Initiate of Kikubaaqudgha.
             Mangled by a catoblepas (27 damage)
             ... on level 1 of the Lair of Beasts.
             The game lasted 00:39:58 (9486 turns).

bobarctor the Thaumaturge (Demonspawn Necromancer)  Turns: 9486, Time: 00:39:59

Health: -10/57     AC:  8    Str: 12    XL:     9   Next: 82%
Magic:  17/23      EV: 13    Int: 19    God:    Kikubaaqudgha [......]
Gold:   528        SH:  4    Dex: 20    Spells: 14/28 levels left

rFire   + . .        a - +3 scimitar (flame)
rCold   + . .        (no shield)
rNeg    . . .        e - +2 robe {rC+ rF+}
rPois   .            (no helmet)
rElec   .            B - +0 cloak
rCorr   .            (no gloves)
SInv    .            (no boots)
Will    .....        (no amulet)
Stlth   +++          t - +4 ring of slaying
HPRegen 0.29/turn    C - +6 ring of dexterity
MPRegen 0.36/turn

%: no passive effects
@: unable to read
A: molten scales 2, magic regeneration, condensation shield, demonic touch 1,
hooves 1, strong 1, inability to read after injury 1
a: Renounce Religion


You were on level 1 of the Lair of Beasts.
You worshipped Kikubaaqudgha.
Kikubaaqudgha was noncommittal.
You visited 3 branches of the dungeon, and saw 10 of its levels.

You collected 528 gold pieces.

Inventory:

Hand Weapons
 a - a +3 scimitar of flaming (weapon)
 w - a +5 flail
 D - a +0 heavy orcbow
 E - a +2 dagger of venom
 F - a +2 long sword of electrocution
 J - a +1 dagger of draining
Missiles
 f - 9 poisoned darts
 k - 79 stones
 q - a curare-tipped dart
 z - a throwing net
Armour
 e - a +2 robe of resistance (worn)
 h - +0 steam dragon scales
 B - a +0 cloak (worn)
 K - a +3 ring mail
Magical Staves
 l - a staff of death
 r - a staff of poison
Jewellery
 t - a +4 ring of slaying (left hand)
 x - a ring of protection from fire
 C - a +6 ring of dexterity (right hand)
Talismans
 y - a maw talisman
Wands
 I - a wand of digging (7)
Scrolls
 d - a scroll of enchant armour {unknown}
 i - 3 scrolls of poison {unknown}
 j - a scroll of fear {unknown}
 m - a scroll of silence {unknown}
 n - 3 scrolls of revelation {unknown}
 o - a scroll of blinking {unknown}
 p - a scroll of fog {unknown}
 v - 2 scrolls of summoning {unknown}
 A - a scroll of vulnerability {unknown}
 G - a scroll of teleportation {unknown}
 H - 4 scrolls of identify
 L - a scroll of acquirement {unknown}
Potions
 b - a potion of magic
 c - 6 potions of curing
 g - a potion of enlightenment
 s - a potion of resistance
 u - a potion of ambrosia


   Skills:
 + Level 2.6 Dodging
 + Level 2.7 Stealth
 + Level 1.1 Shields
 * Level 10.0 Spellcasting
 + Level 8.8 Necromancy
 * Level 4.2 Translocations


You had 14 spell levels left.
You knew the following spells:

 Your Spells              Type           Power      Damage    Failure   Level
a - Necrotise             Necr           100%       1d9       1%          1
b - Vampiric Draining     Necr           43%        2d9       1%          3
c - Lesser Beckoning      Tloc           50%        N/A       1%          2
d - Teleport Other        Tloc           25%        N/A       3%          3
e - Agony                 Necr           43%        N/A       5%          5

Your spell library contained the following spells:

 Spells                   Type           Power      Damage    Failure   Level
 Animate Dead             Necr           43%        N/A       1%          4
 Gell's Gravitas          Tloc           25%        N/A       3%          3
 Ignite Poison            Fire/Tmut/Pois 9%         N/A       22%         3
 Sticky Flame             Conj/Fire      9%         2d3       58%         4
 Ignition                 Fire           4%         3d4       100%        8


Dungeon Overview and Level Annotations

Branches:
Dungeon (8/15)             Temple (1/1) D:7            Lair (1/5) D:8

Altars:
Ashenzari
Cheibriados
Fedhas
Gozag
Kikubaaqudgha
Makhleb
Nemelex Xobeh
Okawaru
Qazlal
Ru
Sif Muna
Trog
Uskayaw
Vehumet
Wu Jian
Xom
Yredelemnul

Shops:
D:7 [

Annotations:
D:5 Grinder
Lair:1 Amaemon


Innate Abilities, Weirdness & Mutations

You are mostly covered in molten scales. (AC +3)
You regenerate magic rapidly.
A meltable shield of frost defends you. (SH +4)
Your touch may inflict minor irresistible damage on your foes.
You have large cloven feet.
Your muscles are strong. (Str +4, Int/Dex -1)
You occasionally lose the ability to read scrolls when taking damage.


Message History

You are engulfed in calcifying dust.
You are slowing down.
You climb upwards.
Welcome back to the Dungeon!
Your resistance to elements expires.
You have turned to stone.
Your attacks no longer feel as feeble.
You turn to flesh and can move again.
There is a staircase to the Lair here.
You start resting.
HP restored.
You climb downwards.
Welcome back to the Lair of Beasts!
Level annotation: Amaemon The catoblepas breathes a plume of calcifying dust at you.
The blast of calcifying dust hits you.
There is a staircase back to the Dungeon here.
The catoblepas breathes a plume of calcifying dust at you.
The blast of calcifying dust hits you.
You hit the catoblepas but do no damage.
You kick the catoblepas, but do no damage.
You touch the catoblepas!
The catoblepas is lightly wounded.
The catoblepas barely misses you. The catoblepas gores you!!
Casting: Teleport Other (dangerous; 3% risk of failure)
Confirm with . or Enter, or press ? or * to list all spells.
Aiming: Vampiric Draining (safe; 1% risk of failure)
Press: ? - help, Shift-Dir - straight line, f - catoblepas
Aim: a catoblepas (lightly wounded)
You draw life force from the catoblepas!
You feel life coursing into your body. The catoblepas gores you!!
You feel threatened and lose the ability to read scrolls!
* * * LOW HITPOINT WARNING * * *
Casting: Vampiric Draining (safe; 1% risk of failure)
Confirm with . or Enter, or press ? or * to list all spells.
Aiming: Vampiric Draining (safe; 1% risk of failure)
Press: ? - help, Shift-Dir - straight line, f/p - catoblepas
Aim: a catoblepas (moderately wounded)
You draw life force from the catoblepas!
You feel life coursing into your body! The catoblepas gores you!!
You die...
Kikubaaqudgha rasps: "You have failed me!
Welcome... death!"

.$.....#....# ##
...........# .#
..........####.#
......../......##
...........##...###
##..###...........##
###..........##
#.Y.........##
##@..<.......##
##...........###
#.............#
###...........#
##........##
#.........#
#......(...P#
#.!....#......#
##..........###


You could see a catoblepas.

Vanquished Creatures
  Erica (D:8)
  A two-headed ogre (D:8)
  A steam dragon (D:7)
  An ice beast (D:6)
  A black bear (D:6)
  3 ogres
  A centaur (D:7)
  A kobold brigand (D:8)
  A scorpion (D:5)
  3 bullfrogs
  9 wights (D:8)
  A howler monkey (D:7)
  A crimson imp (D:3)
  A gnoll bouda (D:8)
  2 orc priests (D:7)
  6 hounds
  2 jellies
  A sleepcap (D:8)
  5 iguanas
  2 orc wizards (D:7)
  5 gnolls
  10 adders
  A white imp (D:7)
  2 ufetubi
  2 dart slugs
  9 orcs
  5 ball pythons
  6 bats
  5 endoplasms
  4 giant cockroaches
  14 goblins
  8 hobgoblins
  4 jackals (D:2)
  7 kobolds
  2 quokkas
  A frilled lizard (D:3)
  2 goblin skeletons (D:3)
  2 goblin zombies (D:3)
  3 hobgoblin zombies (D:3)
  4 orc skeletons (D:3)
  An orc zombie (D:3)
  6 rats
147 creatures vanquished.

Vanquished Creatures (collateral kills)
  A bullfrog (D:7)
  A gnoll (D:5)
  An adder (D:2)
  A ball python (D:3)
  An endoplasm (D:3)
  A jackal (D:2)
  A kobold (D:3)
7 creatures vanquished.

Grand Total: 154 creatures vanquished

Notes
Turn   | Place    | Note
-------+----------+-------------------------------------------
     0 | D:1      | bobarctor the Demonspawn Necromancer began the quest for
                  | the Orb.
     0 | D:1      | Reached XP level 1. HP: 13/13 MP: 3/3
   398 | D:1      | Gained mutation: You regenerate magic rapidly. [demonic
                  | ancestry]
   398 | D:1      | Reached XP level 2. HP: 19/19 MP: 3/5
   782 | D:2      | Found an opulent altar of Gozag.
   861 | D:2      | Gained mutation: A meltable shield of frost defends you.
                  | (SH +4) [demonic ancestry]
   861 | D:2      | Reached XP level 3. HP: 7/24 MP: 0/7
  1103 | D:2      | Learned a level 3 spell: Vampiric Draining
  1108 | D:2      | Reached skill level 5 in Necromancy
  1131 | D:2      | Reached skill level 3 in Spellcasting
  1260 | D:2      | Reached XP level 4. HP: 30/30 MP: 6/8
  1448 | D:2      | Learned a level 2 spell: Lesser Beckoning
  2248 | D:3      | Found a sparkling altar of Nemelex Xobeh.
  2450 | D:3      | Gained mutation: You are partially covered in molten
                  | scales. (AC +2) [demonic ancestry]
  2450 | D:3      | Reached XP level 5. HP: 35/35 MP: 8/10
  2545 | D:3      | Reached skill level 1 in Translocations
  3007 | D:4      | Reached skill level 4 in Spellcasting
  3832 | D:4      | Reached XP level 6. HP: 41/41 MP: 7/13
  4349 | D:3      | Reached skill level 5 in Spellcasting
  4360 | D:5      | Entered Level 5 of the Dungeon
  4370 | D:5      | Learned a level 3 spell: Teleport Other
  4380 | D:5      | Found a blossoming altar of Fedhas.
  4437 | D:5      | Noticed Grinder
  4449 | D:5      | Paralysed by Grinder for 2 turns
  4677 | D:5      | Reached XP level 7. HP: 46/46 MP: 11/15
  4902 | D:5      | Reached skill level 6 in Spellcasting
  6482 | D:7      | Gained mutation: Your touch may inflict minor irresistible
                  | damage on your foes. [demonic ancestry]
  6482 | D:7      | Reached XP level 8. HP: 24/52 MP: 11/18
  6555 | D:7      | Reached skill level 7 in Spellcasting
  6655 | D:7      | Found a hide-covered altar of Uskayaw.
  6701 | D:7      | Found Jesap's Armour Shop.
  6974 | D:7      | Learned a level 5 spell: Agony
  7011 | D:7      | Gained mutation: You have large cloven feet. [potion of
                  | mutation]
  7011 | D:7      | Gained mutation: Your muscles are strong. (Str +4, Int/Dex
                  | -1) [potion of mutation]
  7011 | D:7      | Gained mutation: You occasionally lose the ability to read
                  | scrolls when taking damage. [potion of mutation]
  7174 | D:7      | Reached skill level 8 in Spellcasting
  7496 | D:7      | Found a staircase to the Ecumenical Temple.
  7506 | Temple   | Entered the Ecumenical Temple
  7535 | Temple   | Became a worshipper of Kikubaaqudgha
  7686 | D:8      | Noticed Erica
  7694 | D:8      | Killed Erica
  7695 | D:8      | Reached skill level 1 in Shields
  7695 | D:8      | Gained mutation: You are mostly covered in molten scales.
                  | (AC +3) [demonic ancestry]
  7695 | D:8      | Reached XP level 9. HP: 41/57 MP: 12/21
  7822 | D:8      | Noticed a two-headed ogre
  7850 | D:8      | Killed a two-headed ogre
  7851 | D:8      | Reached skill level 9 in Spellcasting
  8099 | D:8      | Found a burning altar of Makhleb.
  8545 | D:8      | Reached skill level 10 in Spellcasting
  8871 | D:8      | Found a staircase to the Lair.
  9313 | Lair:1   | Entered Level 1 of the Lair of Beasts
  9319 | Lair:1   | Noticed an orange demon
  9319 | Lair:1   | Noticed Amaemon
  9373 | Lair:1   | Noticed a catoblepas
  9486 | Lair:1   | Mangled by a catoblepas

Illustrated notes

Levels and vault maps discovered:
D:1:      eino_arrival_cavern_b, layout_rooms, minmay_misc_feat_alley
D:2:      kennysheep_the_goblin_king, layout_loops_ring, basic_altar,
          nicolae_half_adder
D:3:      minmay_diamond_boxcup, layout_basic, mainiacjoe_overflow_brackets,
          nicolae_tso_besieged_by_evil, grunt_decor_cap,
          kennysheep_generic_room_6
D:4:      layout_layer_cave, corner_web_ring, hangedman_abyss_or_decor_stagger,
          hangedman_decor_growths
D:5:      layout_gridville, fedhas_altar_3, uniq_grinder
D:6:      layout_loops_corners
D:7:      layout_basic, mainiacjoe_overflow_boulevard,
          minmay_temple_entry_poolview, serial_shops, shop, hex_medium
D:8:      layout_gridville, lemuel_coloured_pillars_altar,
          mainiacjoe_overflow_alcove_2, lair_entry_dummy, uniq_erica
Temple:   nicolae_temple_figure_eight
Lair:1:   beast_lair_carwin_large_3, layout_hall_layers, grunt_megastairs_2,
          uniq_amaemon, uniq_gastronok

Skill      XL: |  1  2  3  4  5  6  7  8  9 |
---------------+----------------------------+-----
Necromancy     | 5 6 7 8 |  8.8
Spellcasting   | 3 4 5 6 8 10 | 10.0
Dodging        | 2 |  2.6
Stealth        | 2 |  2.7
Translocations | 1 2 3 4 |  4.2
Shields        | 1 |  1.1

Action                     |  1- 3 |  4- 6 |  7- 9 || total
---------------------------+-------+-------+-------++-------
  Melee: Spear             |     2 |       |       ||     2
         Staff             |    11 |    94 |    16 ||   121
         Dagger            |       |       |    15 ||    15
         Touch             |       |       |    12 ||    12
         Kick              |       |       |    19 ||    19
         Scimitar          |       |       |    33 ||    33
  Throw: Dart              |       |       |     2 ||     2
   Cast: Necrotise         |    49 |   123 |   126 ||   298
         Vampiric Draining |       |     1 |    17 ||    18
         Teleport Other    |       |       |     1 ||     1
         Agony             |       |       |     1 ||     1
  Evoke: Wand              |       |       |     4 ||     4
    Use: Scroll            |       |       |     6 ||     6
         Potion            |       |       |     3 ||     3
   Stab: Sleeping          |       |       |     4 ||     4
 Armour: Robe              |     5 |    18 |    31 ||    54
  Dodge: Dodged            |    18 |    53 |    84 ||   155
  Block: Other             |     3 |    20 |    25 ||    48

Table legend: (Time is in decaauts)
 A = Elapsed time spent in this place.
 B = Non-inter-level travel time spent in this place.
 C = Inter-level travel time spent in this place.
 D = Time resting spent in this place.
 E = Time spent auto-exploring this place.
 F = Levels seen in this place.
 G = Mean time per level.
                   A        B        C        D        E       F      G
               +--------+--------+--------+--------+--------+-----+--------+
         Total |   9538 |   9193 |    345 |   1233 |   6172 |  10 |  953.8 |
       Dungeon |   9408 |   9082 |    326 |   1205 |   6167 |   8 | 1176.0 |
        Temple |     56 |     37 |     19 |      0 |      0 |   1 |   56.0 |
          Lair |     73 |     73 |      0 |     28 |      5 |   1 |   73.0 |
               +--------+--------+--------+--------+--------+-----+--------+

Top non-repeatable levels by time:
     D:8: 1750 daAuts
     D:4: 1358 daAuts
     D:6: 1330 daAuts
     D:2: 1227 daAuts
     D:3: 1155 daAuts
     D:7: 992 daAuts
     D:5: 933 daAuts
     D:1: 659 daAuts
  Lair:1: 73 daAuts
  Temple: 56 daAuts
